AoeStats
← c0912105532

Lombardia

507680769Analyzed
2v2 RM · 12d ago on Sep 19, 2026· 23m 47s· 4 players
Game mode
Random Map
Map size
Medium (4 player)
Population
200
Speed
Normal
Resources
Standard
Victory
Conquest
Starting age
Dark Age
Ending age
Imperial Age
RankedLock teamsTeams togetherTeam positionsShared explorationLock speedFull tech treeHidden civsTurbo modeCheats
Victory
Defeat
🇹🇼 Britons · Taiwan
1270
+11
🇹🇼 Aztecs · Taiwan
1246
+12
🇬🇧 Ethiopians · United Kingdom
1190
-12
🇨🇳 Persians · China
1131
-11
ageofcardiff
9:06 Loom
11:52 Feudal Age
16:51 Castle Age
15:38 Fletching
15:59 Double-Bit Axe
16:39 Horse Collar
18:05 Padded Archer Armor
19:16 Crossbowman
y.尊 尊
0:37 Loom
11:09 Feudal Age
12:34 Wheelbarrow
11:46 Double-Bit Axe
21:57 Castle Age
櫻道花炎
6:36 Loom
9:57 Feudal Age
10:11 Man-at-Arms
10:37 Double-Bit Axe
12:07 Wheelbarrow
15:36 Fletching
18:17 Horse Collar
21:49 Castle Age
21:34 Gold Mining
22:31 Bodkin Arrow
21:59 Crossbowman
24:37 Bow Saw
c0912105532
7:00 Loom
9:33 Feudal Age
12:03 Double-Bit Axe
13:46 Horse Collar
15:18 Arson
16:28 Scale Mail Armor
21:46 Castle Age
20:37 Forging
21:59 Eagle Warrior
22:40 Squires
22:25 Gambesons
22:58 Chain Mail Armor
23:22 Wheelbarrow
23:28 Bow Saw
Connection lost

Rejoining the realm…

Still unreachable

The connection could not be restored.

Session expired

The server has moved on; the page needs a fresh start.